 Dungeon Crawl Stone Soup version 0.18.1-48-g4cf74bf (webtiles) character file.

241 Gargoyl the Skirmisher (level 5, 0/42 HPs)
             Began as a Demonspawn Abyssal Knight on Sept 1, 2016.
             Was a Believer of Lugonu.
             Killed from afar by an orc wizard (7 damage)
             ... with a puff of flame
             ... on level 2 of the Dungeon.
             The game lasted 00:05:31 (2337 turns).

Gargoyl the Skirmisher (Demonspawn Abyssal Knight)  Turns: 2337, Time: 00:05:32

Health: 0/42       AC: 11    Str: 12 (14) XL:     5   Next: 80%
Magic:  13/16      EV:  1    Int: 11 (13) God:    Lugonu [**....]
Gold:   116        SH: 12    Dex:  9 (12) Spells: 0 memorised, 4 levels left

rFire  . . .     SeeInvis .     o - +0 war axe
rCold  . . .     Gourm    .     i - +0 chain mail
rNeg   . . .     Faith    .     j - +0 large shield
rPois  .         Spirit   .     (no helmet)
rElec  .         Dismiss  .     (no cloak)
rCorr  .         Reflect  .     (no gloves)
SustAt .         Harm     .     (no boots)
MR     .....                    (no amulet)
Stlth  ..........               (no ring)
                                a - ring of magical power

@: flying, not resistant to hostile enchantments, extremely unstealthy
A: large bone plates 1, demonic guardian 1
a: Depart the Abyss, Bend Space, Renounce Religion


You were on level 2 of the Dungeon.
You worshipped Lugonu.
Lugonu was pleased with you.
You were not hungry.

You visited 1 branch of the dungeon, and saw 3 of its levels.
You visited the Abyss 1 time.

You collected 116 gold pieces.

Inventory:

Hand Weapons
 o - a +0 war axe (weapon)
Armour
 i - a +0 chain mail (worn)
 j - a +0 large shield (worn)
Jewellery
 a - a ring of magical power (left hand)
Wands
 e - a wand of iceblast (9/15)
Scrolls
 d - 2 scrolls of teleportation {unknown}
 f - a scroll of identify
 g - a scroll of fear {unknown}
 k - a scroll of magic mapping {unknown}
 l - a scroll of remove curse
Comestibles
 b - a meat ration
 c - 4 bread rations
 n - a slice of pizza


   Skills:
 + Level 4.2 Fighting
 + Level 2.7 Axes
 * Level 3.6 Armour
 + Level 1.3 Dodging
 + Level 0.4 Stealth
 + Level 1.0 Shields
 + Level 3.0 Invocations


You had 4 spell levels left.
You didn't know any spells.

Dungeon Overview and Level Annotations

Branches:
Dungeon (3/15)

Altars:


Innate Abilities, Weirdness & Mutations

You are partially covered in large bone plates (AC +2, SH +2).
A weak demonic guardian rushes to your aid.


Message History

Something hits you but does no damage. Space bends around you!
You blink.
* * * LOW HITPOINT WARNING * * *
You feel slightly more hungry.
A kobold comes into view.
The kobold throws a stone.
You block the stone.
The orc priest casts a cantrip, but nothing happens.
There is a stone staircase leading up here.
Your quasit bites the orc priest but does no damage.
Your quasit claws the orc priest. x2; The kobold throws a stone.
The stone hits you but does no damage. Something hits you but does no damage.
You fly upwards.
There is a stone staircase leading down here.
You hear some strange, mumbled words.
A magic dart appears from out of thin air!
The magic dart hits you!
You hear some strange, mumbled words.
A puff of flame appears from out of thin air!
The puff of flame hits you!
You die...

#.#(###.# #.......##
#........##
#..........
#........##
#####.........#
#####...#####.....#
#>{##...##.>#.....#
#.@.#...#...#.....#
###.'#...#'.##.....#
#.###.....###......#
#..................#
#......♣......######
#.............#
#####....)##########
##..#...#'.###.....
#...#...#...##.....


There were no monsters in sight!

Vanquished Creatures
  Sigmund (D:2)
  An orc wizard (D:3)
  Ijyb (D:2)
  An adder (D:2)
  3 dart slugs (D:2)
  A giant gecko (D:2)
  9 orcs
  A ball python (D:2)
  4 giant cockroaches
  5 goblins
  5 hobgoblins
  3 jackals (D:1)
  6 bats
  3 giant newts
  7 kobolds
  8 rats
59 creatures vanquished.

Vanquished Creatures (collateral kills)
  An orc priest (D:3)
1 creature vanquished.

Grand Total: 60 creatures vanquished

Notes
Turn   | Place    | Note
--------------------------------------------------------------
     0 | Abyss:1  | Gargoyl the Demonspawn Abyssal Knight began the quest for the Orb.
     0 | Abyss:1  | Reached XP level 1. HP: 18/18 MP: 2/2
    71 | Abyss:2  | Noticed a small abomination
   111 | Abyss:4  | Found a corrupted altar of Lugonu.
   117 | Abyss:4  | Found a corrupted altar of Lugonu.
   126 | Abyss:4  | Noticed a stone giant zombie
   143 | Abyss:4  | Noticed a smoke demon
   151 | Abyss:4  | Noticed a small abomination
   152 | D:1      | Escaped the Abyss
   541 | D:1      | Reached * piety under Lugonu
   550 | D:1      | Gained mutation: You are partially covered in large bone plates (AC +2, SH +2). [demonic ancestry]
   550 | D:1      | Reached XP level 2. HP: 23/24 MP: 3/3
   977 | D:2      | Reached skill level 1 in Dodging
   977 | D:2      | Reached XP level 3. HP: 29/29 MP: 5/5
  1641 | D:2      | Noticed Ijyb
  1651 | D:2      | Killed Ijyb
  1651 | D:2      | Gained mutation: A weak demonic guardian rushes to your aid. [demonic ancestry]
  1651 | D:2      | Reached XP level 4. HP: 37/37 MP: 6/6
  1692 | D:2      | Noticed Sigmund
  1706 | D:2      | Killed Sigmund
  1706 | D:2      | Reached skill level 4 in Fighting
  1706 | D:2      | Reached XP level 5. HP: 17/42 MP: 7/7
  2016 | D:3      | Reached ** piety under Lugonu
  2147 | D:3      | Reached skill level 1 in Shields
  2337 | D:2      | Killed from afar by an orc wizard

Skill      XL: |  1  2  3  4  5 |
---------------+----------------+-----
Armour         | 2 3 |  3.6
Axes           | 2 |  2.7
Dodging        | 1 |  1.3
Fighting       | 4 |  4.2
Invocations    | 3 |  3.0
Shields        | 1 |  1.0
Stealth        | |  0.4

Action                   |  1- 3 |  4- 6 || total
-------------------------+-------+-------++-------
Melee: Hand axe          |   103 |    71 ||   174
       War axe           |       |    17 ||    17
Invok: Depart the Abyss  |     1 |       ||     1
       Bend Space        |       |     1 ||     1
  Use: Potion            |     4 |     2 ||     6
       Scroll            |     2 |       ||     2
  Eat: Chunk             |     2 |     3 ||     5
Armor: Ring mail         |     1 |       ||     1
       Chain mail        |    68 |    64 ||   132
Dodge: Dodged            |    31 |     3 ||    34
Block: Large shield      |    10 |    74 ||    84
       Other             |     3 |       ||     3
